 Dungeon Crawl Stone Soup version 0.31.0-11-ge490571c62 (webtiles) character file.

Game seed: 15751823655235558730

74 qw the Shooter (level 4, -5/25 HPs)
             Began as a Deep Elf Hunter on Feb 4, 2024.
             Slain by a hobgoblin
             ... wielding a +0 long sword
              (9 damage)
             ... on level 2 of the Dungeon.
             The game lasted 00:00:03 (1254 turns).

qw the Shooter (Deep Elf Hunter)                    Turns: 1254, Time: 00:00:04

Health: -5/25      AC:  5    Str: 10    XL:     4   Next: 10%
Magic:  6/6        EV: 11    Int: 14    God:
Gold:   48         SH:  0    Dex: 18    Spells: 3/3 levels left

rFire   . . .        a - +0 shortbow
rCold   . . .        (shield currently unavailable)
rNeg    . . .        i - +0 ring mail
rPois   .            (no helmet)
rElec   .            (no cloak)
rCorr   .            (no gloves)
SInv    .            (no boots)
Will    .....        (no amulet)
Stlth   +            (no ring)
HPRegen 0.24/turn    (no ring)
MPRegen 0.10/turn

%: no passive effects
@: no status effects
A: no striking features
a: no special abilities


You were on level 2 of the Dungeon.
You visited 1 branch of the dungeon, and saw 2 of its levels.

You collected 48 gold pieces.


   Skills:
 - Level 1.5 Fighting
 + Level 7.5 Ranged Weapons
 - Level 2.4 Dodging
 - Level 1.2 Stealth


You had 3 spell levels left.
You didn't know any spells.
Your spell library was empty.

Inventory:

Hand Weapons
 a - a +0 shortbow (weapon)
Armour
 i - a +0 ring mail (worn)
Scrolls
 b - a scroll of revelation {unknown}
 c - a scroll of teleportation {unknown}
 f - a scroll of brand weapon {unknown}
Potions
 d - 2 potions of curing
 e - a potion of mutation {unknown}
 j - a potion of enlightenment

Dungeon Overview and Level Annotations

Branches:
Dungeon (2/15)

Altars:


Message History

The adder bites you but does no damage.
A hobgoblin comes into view. It is wielding a +0 long sword.
You shoot an arrow. The arrow hits the adder.
The adder is lightly wounded.
You feel sick. The adder misses you. x2
You shoot an arrow. The arrow barely misses the adder.
You feel sick. The adder bites you but does no damage.
You shoot an arrow. The arrow hits the adder.
The adder is moderately wounded.
You feel sick. The adder bites you.
You are more poisoned.
The adder poisons you! The adder bites you but does no damage.
You shoot an arrow.
The arrow hits the adder but does no damage.
The adder is moderately wounded.
You feel sick. The adder barely misses you.
You shoot an arrow. The arrow hits the adder.
The adder is heavily wounded.
You feel sick. The adder bites you. The adder closely misses you.
1248 ||| DRINKING potion of heal wounds.
You feel much better.
You feel sick. The adder bites you but does no damage.
You shoot an arrow. The arrow closely misses the adder.
You feel sick. The adder closely misses you.
You shoot an arrow. The arrow barely misses the adder.
You feel sick.
You are no longer poisoned.
The adder bites you. The adder bites you but does no damage.
You shoot an arrow. The arrow hits the adder.
The adder is almost dead.
The adder bites you but does no damage. The adder bites you.
You shoot an arrow. The arrow hits the adder!
You kill the adder!
The hobgoblin hits you with a +0 long sword.
You have reached level 4!
You feel clever.
You shoot an arrow. The arrow barely misses the hobgoblin.
The hobgoblin hits you with a +0 long sword!
You shoot an arrow. The arrow barely misses the hobgoblin.
The hobgoblin hits you with a +0 long sword!
You die...

#.#.#####.# #.#.......#
#.######### #######.## #.
.........# #. .........# #.
<.....)..# #. .........#
#g################# .........#
#.@........#.......
...............#########.#.######
.............. ......<.#.######
............. ###.............
............ #.............
.........## #.............
#.......)..... #....##.######
#.... #.# #...


You could see a hobgoblin.

Vanquished Creatures
  3 adders
  A ribbon worm (D:2)
  4 orcs (D:2)
  3 endoplasms
  2 goblins
  A hobgoblin (D:1)
  3 jackals (D:2)
  A quokka (D:2)
  4 ball pythons (D:1)
  5 bats (D:1)
  3 frilled lizards (D:2)
  5 kobolds
  7 rats
42 creatures vanquished.

Notes
Turn   | Place    | Note
-------+----------+-------------------------------------------
     0 | D:1      | qw the Deep Elf Hunter began the quest for the Orb.
     0 | D:1      | Reached XP level 1. HP: 12/12 MP: 3/3
     0 | D:1      | 0 ||| qw: Version: 0.3-a-160-g6735b56
     0 | D:1      | 0 ||| qw: Game counter: 5601
     0 | D:1      | 0 ||| qw: Melee chars always use a shield: true
     0 | D:1      | 0 ||| qw: God list: Okawaru
     0 | D:1      | 0 ||| qw: Allow faded altars: false
     0 | D:1      | 0 ||| qw: Do Orc after clearing Dungeon:15 true
     0 | D:1      | 0 ||| qw: Do second Lair branch before Depths: true
     0 | D:1      | 0 ||| qw: Lair rune preference: random
     0 | D:1      | 0 ||| qw: Goals: Normal
     0 | D:1      | 0 ||| PLANNING D:1-11
   160 | D:1      | Reached skill level 6 in Ranged Weapons
   160 | D:1      | Reached XP level 2. HP: 16/16 MP: 4/4
   532 | D:1      | 532 ||| UPGRADING to +0 ring mail.
   542 | D:1      | 542 ||| DROPPING +0 leather armour.
   543 | D:1      | 543 ||| READING scroll labelled DEMITR WUKKYU.
   544 | D:1      | 544 ||| READING 2 scrolls labelled WOWORGH DEST.
   544 | D:1      | 544 ||| IDENTIFYING smoky puce potion
   545 | D:1      | 545 ||| READING scroll of identify.
   545 | D:1      | 545 ||| IDENTIFYING dark potion
   546 | D:1      | 546 ||| DRINKING 3 green potions.
   547 | D:1      | 547 ||| DRINKING 2 red potions.
   548 | D:1      | 548 ||| DROPPING scroll of butterflies.
   549 | D:1      | 549 ||| DROPPING potion of berserk rage.
   562 | D:2      | 562 ||| STAIRDANCE
   569 | D:1      | Reached XP level 3. HP: 11/20 MP: 5/5
   808 | D:2      | Reached skill level 7 in Ranged Weapons
  1083 | D:2      | Found a faded altar of an unknown god.
  1247 | D:2      | HP: 5/20 [adder (2)]
  1248 | D:2      | 1248 ||| DRINKING potion of heal wounds.
  1253 | D:2      | Reached XP level 4. HP: 13/25 MP: 6/6
  1253 | D:2      | HP: 4/25 [hobgoblin/+0 long sword (9)]
  1254 | D:2      | Slain by a hobgoblin

Levels and vault maps discovered:
D:1:      dpeg_arrival_chambers_temple_mockup, layout_basic
D:2:      layout_basic, hellmonk_ecumenical_altar_defaced_shrine,
          minmay_misc_feat_x

Skill      XL: |  1  2  3 |
---------------+----------+-----
Ranged Weapons | 6 7 |  7.5
Fighting       | |  1.5
Dodging        | |  2.4
Stealth        | |  1.2

Action                     |  1- 3 |  4- 6 || total
---------------------------+-------+-------++-------
   Fire: Shortbow          |   106 |     2 ||   108
    Use: Scroll            |     3 |       ||     3
         Potion            |     3 |       ||     3
 Armour: Leather armour    |     8 |       ||     8
         Ring mail         |    22 |     2 ||    24
  Dodge: Dodged            |    21 |       ||    21

Table legend:
 A = Non-vault XP
 B = Vault XP
 C = Vault XP percentage of total XP
 D = Non-vault monster count
 E = Vault monster count
 F = Vault count percentage of total count
                 A         B        C        D         E       F
            +---------+---------+-------+---------+---------+-------
      Total |      95 |      12 |  11.2 |      38 |       4 |   9.5
            +---------+---------+-------+---------+---------+-------
        D:1 |      42 |       0 |   0.0 |      21 |       0 |   0.0
        D:2 |      53 |      12 |  18.5 |      17 |       4 |  19.0
            +---------+---------+-------+---------+---------+-------
